 Dungeon Crawl Stone Soup version 0.26-a0-651-gb41185065b (webtiles) character file.

Game seed: 2530578513742954022

8677 Flugslaktarn the Cleaver (level 11, -3/106 HPs)
             Began as a Deep Dwarf Fighter on Oct 3, 2020.
             Was a Believer of Makhleb.
             Slain by Snorg (6 damage)
             ... on level 11 of the Dungeon.
             The game lasted 00:05:37 (5865 turns).

Flugslaktarn the Cleaver (Deep Dwarf Fighter)       Turns: 5865, Time: 00:05:38

Health: -3/106     AC: 17    Str: 28 (29) XL:     11   Next: 13%
Magic:  8/8        EV:  7    Int:  8      God:    Makhleb [**....]
Gold:   753        SH: 16    Dex:  7 (16) Spells: 10/10 levels left

rFire    . . .     SeeInvis .   m - +7 broad axe of Foolhardiness {vorpal, +Blink Str+7 Int-2 Dex+4}
rCold    . . .     Faith    .   c - +0 kite shield
rNeg     . . .     Spirit   .   d - +2 chain mail {rPois}
rPois    +         Reflect  +   A - +0 helmet (curse)
rElec    .         Harm     .   l - +1 cloak
rCorr    .         Rampage  .   v - +0 pair of gloves
MR       +....                  (no boots)
Stlth    ..........             p - amulet of reflection
HPRegen  0.00/turn              (no ring)
MPRegen  0.11/turn              (no ring)

@: non-regenerating, very slow
A: damage resistance, heal wounds, sense surroundings 2, no regeneration
a: Heal Wounds, Minor Destruction, Renounce Religion, Evoke Blink


You were on level 11 of the Dungeon.
You worshipped Makhleb.
Makhleb was pleased with you.
You visited 2 branches of the dungeon, and saw 12 of its levels.
You also visited: Ossuary.

You collected 891 gold pieces.
You spent 138 gold pieces at shops.

Inventory:

Hand Weapons
 m - the +7 broad axe of Foolhardiness (weapon) {vorpal, +Blink Str+7 Int-2 Dex+4}
   (You acquired it on level 7 of the Dungeon)

   It inflicts extra damage upon your enemies.
   It affects your strength (+7).
   It affects your intelligence (-2).
   It affects your dexterity (+4).
   It lets you blink.
Missiles
 e - 2 throwing nets (quivered)
Armour
 c - a +0 kite shield (worn)
 d - a +2 chain mail of poison resistance (worn)
   (You took it off Edmund on level 4 of the Dungeon)
 l - a +1 cloak (worn)
   (You found it on level 5 of the Dungeon)
 u - a scarf of resistance
   (You found it on level 10 of the Dungeon)
 v - a +0 pair of gloves (worn)
   (You found it on level 10 of the Dungeon)
 A - a cursed +0 helmet (worn)
   (You found it on level 10 of the Dungeon)
Jewellery
 p - an amulet of reflection (around neck)
   (You found it in an ossuary)
 r - an uncursed ring of flight
   (You took it off a wight on level 11 of the Dungeon)
Wands
 b - a wand of enslavement (9)
   (You found it on level 6 of the Dungeon)
 y - a wand of acid (3)
   (You found it on level 8 of the Dungeon)
Scrolls
 j - 2 scrolls of fear
 k - a scroll of fog
 n - a scroll of brand weapon
 t - 4 scrolls of teleportation
 x - 7 scrolls of remove curse
 z - a scroll of blinking
Potions
 a - a potion of invisibility
 f - 3 potions of mutation
 g - 2 potions of lignification
 h - 2 potions of haste
 i - a potion of berserk rage
 o - 2 potions of flight
 q - 5 potions of curing
 s - a potion of resistance {unknown}
 w - 3 potions of heal wounds


   Skills:
 * Level 9.1 Fighting
 * Level 10.3 Axes
 + Level 8.0 Armour
 + Level 8.0 Shields
 + Level 8.3 Invocations


You had 10 spell levels left.
You didn't know any spells.
Your spell library was empty.

Dungeon Overview and Level Annotations

Branches:
Dungeon (11/15)            Temple (1/1) D:7            Lair (0/6) D:10
    Orc (0/2) D:9         Ossuary (visited)

Altars:
Cheibriados
Dithmenos
Elyvilon
Fedhas
Gozag
Hepliaklqana
Kikubaaqudgha
Makhleb
Sif Muna
Trog
Vehumet
Wu Jian
Xom
Zin
The Shining One

Shops:
D:7 [*   D:8 *

Annotations:
D:1 1 runed translucent door
D:6 6 exclusions
D:10 1 runed translucent door
D:11 Snorg


Innate Abilities, Weirdness & Mutations

You are resistant to damage.
You can heal yourself by infusing magical energy.
You passively map the area around you.
You do not regenerate.


Message History

Snorg claws you but does no damage. Snorg claws you.
Your chain mail prevents you from hitting Snorg.
Snorg is almost dead.
Snorg bites you but does no damage. Snorg claws you. Snorg barely misses you.
You completely miss Snorg.
Snorg is almost dead.
You block Snorg's attack. Snorg claws you! You block Snorg's attack.
Snorg bites you!
* * * LOW HITPOINT WARNING * * *
Snorg claws you.
* * * LOW HITPOINT WARNING * * *
Snorg claws you!
* * * LOW HITPOINT WARNING * * *
You hit Snorg.
Snorg is almost dead.
Snorg bites you but does no damage. You block Snorg's attack.
Snorg claws you but does no damage. Snorg bites you!
* * * LOW HITPOINT WARNING * * *
You block Snorg's attack. Snorg claws you!
You die...

###+##.#.#≈≈♣≈♣≈≈♣≈≈≈
#.##.#.##.≈≈♣≈≈♣♣≈♣
#.....).......♣≈♣
#####.#†.........#
#####.# #.#..........#
#<....###.#...########
#####.....#...#
##'#####...#*
#....@##....
#...T†(..##.# ,
..........♣≈..#
,..........≈≈ .# *
,..^####...≈≈P * ....
....≈≈.# * *.....,
..≈≈♣....* ,,
,,..≈≈..... * * , ,
,,≈ **≈≈


You could see Snorg (berserk, corroded).

Vanquished Creatures
  2 two-headed ogres (D:10)
  A manticore (D:11)
  Maggie (D:8)
  A troll (D:11)
  Grinder (D:5)
  A hornet (D:10)
  3 hippogriffs
  A wraith (D:10)
  Edmund (D:4)
  A water moccasin (D:11)
  Duvessa (D:4)
  2 orc warriors
  2 ice beasts
  2 sky beasts
  A necrophage (D:9)
  4 ogres
  8 centaurs
  A crocodile (D:11)
  4 bullfrogs
  Blork the orc (D:4)
  A water moccasin zombie (D:6)
  A wyvern skeleton (D:11)
  Dowan (D:4)
  14 scorpions
  8 killer bees
  4 howler monkeys
  18 wights
  2 electric eels (D:11)
  A bullfrog zombie (D:5)
  A centaur zombie (Ossuary)
  3 jellies
  2 hounds
  3 orc priests
  A human zombie (Ossuary)
  A bullfrog skeleton (D:5)
  A centaur skeleton (D:9)
  An iguana (D:9)
  5 orc wizards
  2 worker ants
  A big kobold zombie (Ossuary)
  A hound zombie (D:5)
  3 mummies (Ossuary)
  A worker ant zombie (D:6)
  3 gnolls (D:4)
  10 adders
  3 scorpion zombies (Ossuary)
  3 shadow imps
  3 white imps
  4 ufetubi
  An ooze (D:3)
  An adder skeleton (D:4)
  2 worms (D:3)
  2 dart slugs
  9 leopard geckos
  36 orcs
  7 bats
  4 giant cockroaches
  5 goblins
  3 hobgoblins
  3 jackals (D:3)
  5 quokkas
  4 ball pythons
  5 frilled lizards
  2 goblin zombies (Ossuary)
  2 hobgoblin zombies
  A jackal skeleton (D:4)
  4 kobolds
  2 kobold zombies (Ossuary)
  7 orc zombies (Ossuary)
  A quokka zombie (D:10)
  4 rats
251 creatures vanquished.

Vanquished Creatures (others)
  36 plants (D:11)
36 creatures vanquished.

Grand Total: 287 creatures vanquished

Notes
Turn   | Place    | Note
-------+----------+-------------------------------------------
     0 | D:1      | Flugslaktarn the Deep Dwarf Fighter began the quest for the
                  | Orb.
     0 | D:1      | Reached XP level 1. HP: 20/20 MP: 1/1
     1 | D:1      | Found a runed translucent door.
    45 | D:1      | Reached XP level 2. HP: 21/27 MP: 2/2
   142 | D:2      | Found a white marble altar of Elyvilon.
   201 | D:2      | Found a snail-covered altar of Cheibriados.
   215 | D:2      | Became a worshipper of Cheibriados the Contemplative
   233 | D:2      | Reached XP level 3. HP: 23/34 MP: 3/3
   372 | D:3      | Reached * piety under Cheibriados
   448 | D:3      | Reached skill level 3 in Axes
   550 | D:3      | Reached skill level 1 in Invocations
   550 | D:3      | Reached XP level 4. HP: 40/42 MP: 3/3
   694 | D:4      | Noticed Blork the orc
   695 | D:4      | Noticed an ogre
   709 | D:4      | Killed Blork the orc
   709 | D:4      | Reached XP level 5. HP: 46/50 MP: 5/5
   709 | D:4      | Reached ** piety under Cheibriados
   715 | D:4      | Killed an ogre
   716 | D:4      | Reached skill level 4 in Axes
   831 | D:4      | Noticed Edmund
   866 | D:4      | Killed Edmund
   866 | D:4      | Reached XP level 6. HP: 53/57 MP: 5/5
   946 | D:4      | Noticed Dowan
   950 | D:4      | Noticed Duvessa
   967 | D:4      | Killed Dowan
   967 | D:4      | Reached XP level 7. HP: 53/66 MP: 5/5
   987 | D:4      | Killed Duvessa
   987 | D:4      | Reached skill level 5 in Axes
  1371 | D:4      | Found a shadowy altar of Dithmenos.
  1436 | D:5      | Entered Level 5 of the Dungeon
  1516 | D:5      | Reached *** piety under Cheibriados
  1560 | D:5      | Found a blossoming altar of Fedhas.
  1569 | D:5      | Reached skill level 5 in Fighting
  1662 | D:5      | Reached skill level 5 in Shields
  1664 | D:5      | Reached skill level 5 in Armour
  1775 | D:5      | Noticed Grinder
  1778 | D:5      | Reached XP level 8. HP: 59/74 MP: 5/5
  1794 | D:5      | Killed Grinder
  1794 | D:5      | Reached skill level 6 in Axes
  2811 | D:7      | Found a staircase to the Ecumenical Temple.
  2834 | D:7      | Reached skill level 5 in Invocations
  2836 | D:7      | Reached **** piety under Cheibriados
  2838 | D:7      | Reached skill level 7 in Axes
  2864 | D:7      | Gained mutation: You passively map the area around you.
                  | [Deep Dwarf growth]
  2864 | D:7      | Reached XP level 9. HP: 78/85 MP: 4/6
  2959 | D:7      | Found a sand-covered staircase.
  3005 | Ossuary  | Entered an ossuary
  3081 | Ossuary  | Reached ***** piety under Cheibriados
  3389 | D:7      | Found Foeloc's Assorted Antiques.
  3397 | D:7      | Bought 2 glowing brown potions for 54 gold pieces
  3397 | D:7      | Bought a ruby potion for 27 gold pieces
  3397 | D:7      | Bought a glowing brown potion for 27 gold pieces
  3397 | D:7      | Bought a scroll labeled GUZEGU HAFI for 30 gold pieces
  3403 | D:7      | Identified 2 scrolls of acquirement
  3403 | D:7      | Acquired the +7 broad axe of Foolhardiness {vorpal, +Blink
                  | Str+7 Int-2 Dex+4}
  3576 | D:7      | Found Faec Ubb's Armour Boutique.
  3593 | Temple   | Entered the Ecumenical Temple
  3620 | Temple   | Fell from the grace of Cheibriados
  3620 | Temple   | Became a worshipper of Makhleb the Destroyer
  3727 | D:8      | Reached skill level 8 in Axes
  3779 | D:8      | Found Yggos's General Store.
  3825 | D:8      | Found an opulent altar of Gozag.
  3962 | D:8      | Noticed Maggie
  3970 | D:8      | Killed Maggie
  4285 | D:8      | Acquired 434 gold pieces
  4302 | D:9      | Reached XP level 10. HP: 75/96 MP: 7/7
  4442 | D:9      | Reached * piety under Makhleb
  4512 | D:9      | Reached skill level 9 in Axes
  4723 | D:9      | Found a staircase to the Orcish Mines.
  4906 | D:9      | Found an ornate altar of the Wu Jian Council.
  5121 | D:10     | Entered Level 10 of the Dungeon
  5121 | D:10     | Found a staircase to the Lair.
  5159 | D:10     | Reached ** piety under Makhleb
  5190 | D:10     | Noticed a two-headed ogre
  5200 | D:10     | Killed a two-headed ogre
  5228 | D:10     | Noticed a two-headed ogre
  5234 | D:10     | Killed a two-headed ogre
  5234 | D:10     | Reached skill level 10 in Axes
  5261 | D:10     | Found a runed translucent door.
  5261 | D:10     | Found a glowing silver altar of Zin.
  5261 | D:10     | Noticed an angel
  5676 | D:11     | Noticed a manticore
  5679 | D:11     | Reached XP level 11. HP: 97/104 MP: 8/8
  5846 | D:11     | Noticed Snorg
  5865 | D:11     | HP: 3/106 [Snorg (12)]
  5865 | D:11     | Slain by Snorg

Illustrated notes

Levels and vault maps discovered:
D:1:      dpeg_arrival_caged_fury, layout_rooms
D:2:      layout_loops_cross, elyvilon_altar_3, kennysheep_slug_shrine
D:3:      layout_loops_cross
D:4:      layout_loops_ring, portal_sewer_entry_b, grunt_dithmenos_shadows,
          uniq_edmund, uniq_duvessa, uniq_blork_the_orc
D:5:      layout_rooms, fedhas_altar_3, kennysheep_cluttered_room, uniq_grinder
D:6:      wad_lake_hut, layout_basic
D:7:      layout_rooms, minmay_temple_entry_crystal_x, enter_ossuary_3,
          serial_shops, shop, shop_fountains, minmay_misc_feat_pillars
D:8:      layout_layer_cave, nicolae_overflow_hidden_temple, serial_shops, shop,
          uniq_maggie
D:9:      layout_loops_cross, old_standard_altar, david_orc_2,
          kennysheep_diamond, minmay_misc_feat_rows
D:10:     layout_rooms, lair_entry_dummy, lemuel_angel_altar
D:11:     layout_basic, serial_bayou, serial_bayou_ford_a, serial_bayou_pond_e,
          serial_bayou_lake_a, serial_bayou_crossing, worms_lemuel,
          uniq_erolcha, uniq_snorg
Temple:   eino_narrow_crystal_temple

Skill      XL: |  1  2  3  4  5  6  7  8  9 10 11 |
---------------+----------------------------------+-----
Fighting       | 3 4 5 6 7 8 9 |  9.1
Axes           | 3 4 5 7 8 10 | 10.3
Invocations    | 1 2 3 4 5 6 8 |  8.3
Armour         | 4 5 6 7 8 |  8.0
Shields        | 4 5 6 7 8 |  8.0

Action                   |  1- 3 |  4- 6 |  7- 9 | 10-12 || total
-------------------------+-------+-------+-------+-------++-------
Melee: War axe           |   109 |   111 |   295 |       ||   515
       Broad axe         |       |       |    51 |   207 ||   258
 Abil: Heal Wounds       |     2 |    10 |    16 |    12 ||    40
Evoke: Wand              |       |       |       |     2 ||     2
  Use: Potion            |       |     1 |       |       ||     1
       Scroll            |       |       |    22 |     3 ||    25
 Stab: Distracted        |       |       |     1 |       ||     1
Armor: Scale mail        |    45 |    49 |    10 |       ||   104
       Chain mail        |       |       |   151 |   110 ||   261
Dodge: Dodged            |    29 |    41 |    80 |    63 ||   213
Block: Kite shield       |    56 |    92 |   267 |   220 ||   635
       Reflection        |       |       |     8 |     4 ||    12

Table legend: (Time is in decaauts)
 A = Elapsed time spent in this place.
 B = Non-inter-level travel time spent in this place.
 C = Inter-level travel time spent in this place.
 D = Time resting spent in this place.
 E = Time spent auto-exploring this place.
 F = Levels seen in this place.
 G = Mean time per level.
                   A        B        C        D        E       F      G
               +--------+--------+--------+--------+--------+-----+--------+
         Total |   9161 |   8538 |    623 |    203 |   6280 |  13 |  704.7 |
       Dungeon |   8642 |   8052 |    590 |    203 |   6071 |  11 |  785.6 |
        Temple |     59 |     27 |     32 |      0 |     18 |   1 |   59.0 |
       Ossuary |    459 |    459 |      0 |      0 |    190 |   1 |  459.0 |
               +--------+--------+--------+--------+--------+-----+--------+

Top non-repeatable levels by time:
     D:9: 1297 daAuts
     D:6: 1281 daAuts
     D:8: 1119 daAuts
     D:4: 1100 daAuts
    D:10: 902 daAuts
     D:5: 890 daAuts
     D:7: 853 daAuts
     D:3: 572 daAuts
 Ossuary: 459 daAuts
    D:11: 324 daAuts
     D:2: 193 daAuts
     D:1: 107 daAuts
  Temple: 59 daAuts
